 Dungeon Crawl Stone Soup version 0.25.0-46-gbd7b0854d2 (webtiles) character file.

Game seed: 14503009659558617322

51 Aviak the Insei (level 3, -2/24 HPs)
             Began as an Octopode Transmuter on July 12, 2020.
             Slain by a gnoll
             ... wielding a +0 spear
              (7 damage)
             ... on level 2 of the Dungeon.
             The game lasted 00:02:27 (1590 turns).

Aviak the Insei (Octopode Transmuter)               Turns: 1590, Time: 00:02:27

Health: -2/24      AC:  1    Str:  9    XL:     3   Next: 83%
Magic:  4/6        EV: 13    Int: 16    God:
Gold:   38         SH:  0    Dex: 12    Spells: 1/7 levels left

rFire    . . .     SeeInvis .     - Unarmed
rCold    . . .     Gourm    .   (no shield)
rNeg     . . .     Faith    .   (helmet restricted)
rPois    .         Spirit   .   (no amulet)
rElec    .         Reflect  .   (no ring)
rCorr    .         Harm     .   (no ring)
MR       .....                  (no ring)
Stlth    ++........             (no ring)
HPRegen  0.08/turn              (no ring)
MPRegen  0.10/turn              (no ring)
                                (no ring)
                                (no ring)

@: appendage (expiring)
A: almost no armour, stealthy swim, amphibious, 8 rings, constrict 8, tentacle
spike 3, camouflage 1, gelatinous body 1
a: End Transformation


You were on level 2 of the Dungeon.
You were hungry.
One of your tentacles had a temporary spike.
You visited 1 branch of the dungeon, and saw 2 of its levels.

You collected 38 gold pieces.

Inventory:

Missiles
 a - 6 arrows
Scrolls
 e - a scroll of noise {unknown}
 f - 2 scrolls of remove curse {unknown}
 h - a scroll of teleportation {unknown}
Potions
 c - a potion of curing
Comestibles
 b - 2 rations
 g - a chunk of flesh


   Skills:
 - Level 2.0 Fighting
 - Level 2.0 Dodging
 - Level 3.0 Unarmed Combat
 + Level 2.6 Spellcasting
 + Level 2.8 Transmutations
 + Level 0.8 Poison Magic


You had one spell level left.
You knew the following spells:

 Your Spells              Type           Power        Failure   Level  Hunger
a - Beastly Appendage     Tmut           ##....       6%          1    #......
b - Sticks to Snakes      Tmut           ##......     10%         2    ##.....
c - Spider Form           Tmut/Pois      #.........   28%         3    ###....

Your spell library contained the following spells:

 Spells                   Type           Power        Failure   Level  Hunger
 Ice Form                 Ice/Tmut       #.......     73%         4    #####..
 Blade Hands              Tmut           ##........   86%         5    ######.


Dungeon Overview and Level Annotations

Branches:
Dungeon (1/15)

Altars:
Makhleb
Nemelex Xobeh
The Shining One


Innate Abilities, Weirdness & Mutations

You cannot wear most types of armour.
You are very stealthy in the water. (Stealth+)
You are amphibious.
You can wear up to eight rings at the same time.
You can use your tentacles to constrict eight enemies at once.
Your skin changes colour to match your surroundings (Stealth+).
Your rubbery body absorbs attacks. (AC +1, EV +1)
One of your tentacles bears a large vicious spike.


Message History

You tentacle-slap the jackal.
The jackal is heavily wounded.
You constrict the jackal. The jackal bites you.
* * * LOW HITPOINT WARNING * * *
The jackal barely misses you.
Unknown command.
You release your grip on the jackal.
Casting: Beastly Appendage (safe; 6% risk of failure)
Confirm with . or Enter, or press ? or * to list all spells.
You create a snake!
You now have 6 arrows.
You are feeling hungry.
The jackal closely misses you.
Your ball python closely misses the jackal.
Your ball python grabs the jackal.
Your ball python constricts the jackal.
Your transformation is almost over.
The jackal struggles to escape constriction.
The gnoll hits you but does no damage.
Your ball python bites the jackal.
Your ball python constricts the jackal.
The gnoll hits you with a +0 spear!
You die...

#.g..##....##..#$.........#.....#
##'####...###..#................#
#gl..g..!###.........#..........
#....#....##...##.....#..........
#....#.....#...##.....#..........
#...a#.....# .S##................
#....+.....###h##................
#....##...gh.a.####.......##.....
#....###.#.####h@.......#.# .####
#........#.l.รท.g........# .. #.
.....#.###..........# ####.##
......#.# #......###.##.#...#.
#####.... #.###....#....#.#.#.
..### #.. +.........#.#.#.
#####......####.#... #........#
#.#... #.######.# #.#...


You could see a worker ant, a gnoll, 2 jackals, a goblin and a frilled lizard.

Vanquished Creatures
  3 adders (D:2)
  A gnoll (D:1)
  2 leopard geckos (D:1)
  A goblin (D:2)
  2 hobgoblins (D:1)
  3 jackals (D:2)
  A quokka (D:2)
  2 frilled lizards
  2 rats
17 creatures vanquished.

Notes
Turn   | Place    | Note
-------+----------+-------------------------------------------
     0 | D:1      | Aviak the Octopode Transmuter began the quest for the Orb.
     0 | D:1      | Reached XP level 1. HP: 13/13 MP: 3/3
    81 | D:1      | Found a glowing golden altar of the Shining One.
   429 | D:1      | Reached XP level 2. HP: 12/18 MP: 1/5
   536 | D:1      | Learned a level 2 spell: Sticks to Snakes
   839 | D:1      | You fall into a shaft and drop 1 floor!
   948 | D:2      | Reached XP level 3. HP: 16/24 MP: 2/6
  1051 | D:2      | Learned a level 3 spell: Spider Form
  1066 | D:2      | Found a burning altar of Makhleb.
  1372 | D:2      | Found a sparkling altar of Nemelex Xobeh.
  1590 | D:2      | Slain by a gnoll

Illustrated notes

Levels and vault maps discovered:
D:1:      eino_arrival_cavern_b, layout_loops_cross, moated_statue,
          tso_metal_star
D:2:      layout_basic, lemuel_crystal_altar, nemelex_spade_bored_becter

Skill      XL: |  1  2  3 |
---------------+----------+-----
Fighting       | 2 |  2.0
Dodging        | |  2.0
Unarmed Combat | |  3.0
Spellcasting   | |  2.6
Transmutations | |  2.8
Poison Magic   | |  0.8

Action                   || total
-------------------------++-------
Melee: Unarmed           ||    51
       Constrict         ||    12
       Kick              ||     9
       Tentacles         ||     6
 Cast: Beastly Appendage ||    11
       Sticks to Snakes  ||     6
  Use: Potion            ||     4
 Stab: Sleeping          ||     6
  Eat: Chunk             ||     2
Armor: Skin              ||     2
Dodge: Dodged            ||    42
